 Dungeon Crawl Stone Soup version 0.23.2-40-g277498a001 (webtiles) character file.

Game seed: 6649914444539697972

73 Araneus the Skirmisher (level 4, -2/39 HPs)
             Began as a Mummy Wanderer on Sept 11, 2019.
             Slain by Crazy Yiuf
             ... wielding a +2 quarterstaff of chaos
              (12 damage)
             ... on level 2 of the Dungeon.
             The game lasted 00:03:23 (1394 turns).

Araneus the Skirmisher (Mummy Wanderer)             Turns: 1394, Time: 00:03:24

Health: -2/39      AC:  5    Str: 15    XL:     4   Next: 8%
Magic:  4/4        EV: 11    Int: 13    God:
Gold:   101        SH:  0    Dex: 10    Spells: 3/3 levels left

rFire    x . .     SeeInvis .   c - +0 spear
rCold    + . .     Gourm    .   (no shield)
rNeg     + + +     Faith    .   b - +2 leather armour
rPois    ∞         Spirit   .   (no helmet)
rElec    .         Reflect  .   (no cloak)
rCorr    .         Harm     .   (no gloves)
MR       .....                  (no boots)
Stlth    +.........             (no amulet)
HPRegen  0.13/turn              (no ring)
MPRegen  0.09/turn              (no ring)

@: no status effects
A: no food or potions, fire vulnerability, cold resistance 1, negative energy
resistance 3, torment resistance, unbreathing
a: no special abilities


You were on level 2 of the Dungeon.
You were not hungry.

You visited 1 branch of the dungeon, and saw 2 of its levels.

You collected 101 gold pieces.

Inventory:

Hand Weapons
 a - a +0 quarterstaff
 c - a +0 spear (weapon)
Armour
 b - a +2 leather armour (worn)
Scrolls
 d - 3 scrolls of immolation {unknown}
 e - a scroll of teleportation {unknown}


   Skills:
 - Level 5.0 Fighting
 + Level 3.0 Polearms
 - Level 1.0 Throwing
 - Level 1.0 Armour
 - Level 1.0 Dodging
 - Level 1.0 Stealth
   Level 1.0 Evocations


You had 3 spell levels left.
You didn't know any spells.
Your spell library was empty.

Dungeon Overview and Level Annotations

Branches:
Dungeon (2/15)

Altars:

Annotations:
D:2 Crazy Yiuf, Sigmund


Innate Abilities, Weirdness & Mutations

You do not eat or drink.
Your flesh is vulnerable to fire.
You are immune to poison.
Your flesh is cold resistant. (rC+)
You are immune to negative energy. (rN+++)
You are immune to unholy pain and torment.
You can survive without breathing.


Message History

Crazy Yiuf is heavily wounded.
Crazy Yiuf misses you.
You hit Crazy Yiuf but do no damage.
Crazy Yiuf is heavily wounded.
You hit Crazy Yiuf but do no damage.
Crazy Yiuf is heavily wounded.
Crazy Yiuf hits you but does no damage.
You are electrocuted!!
You hit Crazy Yiuf but do no damage.
Crazy Yiuf is heavily wounded.
Crazy Yiuf hits you with a +2 quarterstaff of chaos.
* * * LOW HITPOINT WARNING * * *
Crazy Yiuf burns you.
* * * LOW HITPOINT WARNING * * *
You hit Crazy Yiuf.
Crazy Yiuf is severely wounded.
Crazy Yiuf misses you.
You hit Crazy Yiuf.
Crazy Yiuf is almost dead.
Crazy Yiuf hits you with a +2 quarterstaff of chaos!
You die...

#.# ###.#
#....... #.# #.#
##...... #.# #.#
#...... #.# ###
#.!.... #.#
#######
#.###♣♣♣♣♣
#.#.#.)♣)♣♣♣ ###
#......)♣))♣#)))#
#......♣♣♣♣@g)).#
##..#.♣♣ ♣♣#)))#
####♣♣ ###


You could see Crazy Yiuf.

Vanquished Creatures
  Jessica (D:2)
  2 adders (D:2)
  A dart slug (D:1)
  A leopard gecko (D:1)
  A ball python (D:2)
  2 giant cockroaches (D:2)
  2 goblins
  3 hobgoblins (D:1)
  5 kobolds
  A quokka (D:2)
  3 bats
  3 frilled lizards (D:1)
  2 rats
27 creatures vanquished.

Notes
Turn   | Place    | Note
-------+----------+-------------------------------------------
     0 | D:1      | Araneus the Mummy Wanderer began the quest for the Orb.
     0 | D:1      | Araneus set off with the following items: a +0
                  | quarterstaff, a +2 leather armour, a +0 spear
     0 | D:1      | Reached XP level 1. HP: 21/21 MP: 1/1
    44 | D:1      | Reached skill level 1 in Polearms
   134 | D:1      | Reached XP level 2. HP: 27/27 MP: 2/2
   894 | D:2      | Noticed Jessica
   900 | D:2      | Killed Jessica
   900 | D:2      | Reached XP level 3. HP: 22/33 MP: 3/3
  1188 | D:2      | Reached XP level 4. HP: 35/39 MP: 4/4
  1193 | D:2      | Noticed Sigmund
  1380 | D:2      | Found a runed translucent door.
  1381 | D:2      | Noticed Crazy Yiuf
  1394 | D:2      | Slain by Crazy Yiuf

Skill      XL: |  1  2  3  4 |
---------------+-------------+-----
Polearms       | 1 2 3 |  3.0
Fighting       | |  5.0
Throwing       | |  1.0
Armour         | |  1.0
Dodging        | |  1.0
Stealth        | |  1.0
Evocations     | |  1.0

Action                   |  1- 3 |  4- 6 || total
-------------------------+-------+-------++-------
Melee: Spear             |   110 |    34 ||   144
Armor: Leather armour    |    30 |     6 ||    36
Dodge: Dodged            |    46 |    19 ||    65
